Map: Ruines de Seras

Players

Arrow - Winner!

  • Race: Terran Terran

Exocius

  • Race: Protoss Protoss
  • League: Silver

VOD

Have the link to the VOD?

Description

Time

  • Played on: Dec. 16, 2015, 5:29 p.m.
  • Length: 16:45
Show
View Real Time Build Order
Export as new Build Order

Arrow Terran - Winner!

Build Orders:  

Get SALT Encoding   

  12  0:01  SCV  
  13  0:13  SCV  
  14  0:20  Supply Depot  
  14  0:33  SCV  
  15  0:37  Refinery  
  15  0:46  Barracks  
  15  0:47  SCV  
  16  1:04  SCV  
  17  1:07  Supply Depot  
  17  1:16  SCV  
  18  1:27  Barracks  
  18  1:29  SCV  
  19  1:36  Barracks Tech Lab  
  19  1:41  SCV  
  20  1:53  SCV  
  21  2:01  Barracks, Marine  
  22  2:05  SCV  
  23  2:18  Supply Depot, Marine  
  24  2:37  SCV  
  25  2:38  Barracks Reactor  
  25  2:45  Ghost Academy, Marauder  
  25  2:49  SCV  
  25  2:50  Barracks Reactor  
  28  3:01  SCV  
  29  3:07  Marauder  
  31  3:14  Refinery  
  30  3:23  SCV  
  30  3:26  Marine x2  
  30  3:27  Marine x2  
  33  3:28  Marauder  
  37  3:37  Supply Depot  
  37  3:43  Personal Cloaking  
  37  3:53  SCV  
  38  3:58  Supply Depot  
  38  4:01  Marauder, Marine x2  
  42  4:04  Marine  
  43  4:16  Factory  
  44  4:17  SCV  
  44  4:25  Marauder, Marine  
  44  4:29  SCV  
  48  4:36  Supply Depot  
  48  4:40  Marine  
  48  4:41  Marine  
  50  4:54  Marine x2  
  50  4:56  Marauder  
  50  4:57  SCV  
  55  5:08  Nuke  
  55  5:13  SCV  
  56  5:24  Ghost  
  56  5:25  Supply Depot, Marine x2  
  56  5:28  SCV  
  61  6:11  Marauder  
  61  6:12  Marine x4  
  65  6:20  Supply Depot  
  65  6:29  Marine  
  66  6:44  Command Center  
  61  7:31  Marine x3, Marauder  
  61  7:32  Marine  
  61  7:33  SCV  
  68  7:45  SCV  
  68  7:49  Marine x2  
  71  7:52  Marauder  
  56  8:26  Marauder  
  46  8:27  Marine  
  46  8:28  Marine x3  
  50  8:37  SCV  
  51  8:45  Marine x2  
  55  8:49  SCV  
  54  9:02  Ghost  
  56  9:16  Nuke  
  54  9:18  SCV  
  54  9:19  Factory Tech Lab  
  54  9:29  Combat Shields  
  54  9:30  SCV  
  51  9:32  Marauder  
  53  9:38  Factory  
  53  9:41  Starport  
  53  9:42  SCV  
  54  9:54  Marauder  
  54  9:56  SCV  
  54  9:59  SCV  
  58  10:02  Marine x3  
  58  10:03  Marine  
  62  10:11  SCV  
  63  10:15  Marauder  
  55  10:36  Marauder  
  55  10:46  SCV  
  55  10:48  Factory Tech Lab  
  56  10:54  Marine x4  
  60  10:58  SCV, Starport Tech Lab, Marauder  
  63  11:09  Armory  
  63  11:11  Marine x2  
  63  11:16  Siege Tank  
  68  11:19  Marauder  
  68  11:23  SCV  
  71  11:27  Refinery  
  71  11:30  Refinery  
  71  11:41  Marauder  
  73  11:55  SCV  
  74  12:08  SCV  
  75  12:13  Command Center  
  75  12:15  Siege Tank x2  
  81  12:18  Marine x3  
  81  12:20  SCV  
  85  12:23  Marauder  
  87  12:31  Supply Depot  
  87  12:53  Viking  
  89  13:10  SCV  
  90  13:16  Thor  
  96  13:20  Thor  
  96  13:25  Viking  
  104  13:28  Supply Depot  
  104  13:33  Orbital Command  
  103  13:47  Ghost  
  105  13:50  Marine x4  
  109  14:07  Marine  
  109  14:08  Marine  
  111  14:12  Refinery  
  111  14:20  Marine  
  112  14:25  Marine  
  112  14:26  Marauder  
  112  14:29  Thor  
  121  14:32  Marine x2  
  121  14:37  Supply Depot  
  123  14:47  Marauder  
  123  14:51  Orbital Command  
  125  14:58  SCV, Thor  
  126  15:01  Supply Depot  
  118  15:10  SCV  
  118  15:35  Thor  
  118  15:41  Thor  
  118  15:42  Marauder, Marine x4  
  134  15:46  Viking  
  138  16:00  Marine  
Show
View Real Time Build Order
Export as new Build Order

Exocius Protoss 

Build Orders: 1 Gate Expand 

Get SALT Encoding   

  12  0:01  Probe (Chrono Boost)  
  13  0:11  Probe (Chrono Boost)  
  14  0:18  Pylon  
  14  0:22  Probe (Chrono Boost)  
  15  0:36  Probe (Chrono Boost)  
  15  0:38  Gateway  
  16  0:45  Assimilator  
  16  0:47  Probe (Chrono Boost)  
  17  0:58  Probe (Chrono Boost)  
  18  1:08  Probe (Chrono Boost)  
  19  1:19  Probe (Chrono Boost)  
  20  1:28  Nexus  
  20  1:31  Probe (Chrono Boost)  
  21  1:39  Pylon  
  21  1:43  Probe (Chrono Boost)  
  22  1:51  Cybernetics Core  
  22  1:55  Probe (Chrono Boost)  
  22  2:01  Assimilator  
  23  2:09  Zealot (Chrono Boost)  
  25  2:16  Probe  
  26  2:28  Probe  
  26  2:34  Stalker (Chrono Boost)  
  26  2:35  Gateway  
  28  2:40  Probe  
  28  2:42  Probe  
  30  2:48  Pylon  
  30  2:52  Gateway  
  30  2:54  Warp Gate (Chrono Boost)  
  30  2:57  Probe  
  31  2:58  Probe  
  31  3:05  Stalker  
  34  3:15  Probe  
  34  3:16  Probe  
  36  3:22  Stalker  
  38  3:30  Gateway  
  38  3:32  Probe  
  38  3:33  Pylon  
  38  3:34  Probe  
  40  3:35  Sentry  
  40  3:40  Stalker  
  44  3:43  Probe  
  44  3:46  Probe  
  46  3:53  Probe  
  46  3:55  Stalker  
  49  4:03  Pylon  
  49  4:09  Probe  
  49  4:11  Probe  
  49  4:17  Assimilator  
  51  4:21  Assimilator  
  51  4:22  Stalker x2  
  55  4:26  Zealot  
  57  4:36  Pylon  
  57  4:38  Gateway  
  57  4:41  Probe  
  57  4:42  Probe  
  59  4:55  Gateway  
  59  4:56  Gateway, Probe  
  59  4:57  Probe  
  59  4:59  Robotics Facility  
  61  5:07  Probe  
  61  5:10  Probe  
  63  5:17  Probe  
  64  5:22  Probe  
  64  5:28  Probe  
  65  5:34  Probe  
  55  6:03  Stalker  
  55  6:04  Stalker x4  
  59  6:05  Stalker x2  
  69  6:13  Observer  
  69  6:18  Pylon  
  70  6:19  Pylon  
  70  6:22  Pylon  
  70  6:27  Zealot  
  70  6:28  Zealot x3  
  78  6:39  Forge  
  78  6:40  Zealot x3  
  82  6:55  Robotics Bay  
  82  7:01  Stalker x5  
  80  7:02  Stalker  
  51  7:17  Stalker  
  52  7:28  Pylon  
  52  7:29  Pylon  
  42  7:32  Stalker x3, Photon Cannon x2  
  42  7:34  Photon Cannon  
  42  7:36  Photon Cannon  
  33  7:43  Disruptor (Chrono Boost)  
  32  7:59  Stalker  
  32  8:00  Stalker  
  32  8:04  Stalker  
  32  8:05  Zealot x2  
  36  8:06  Zealot x2  
  34  8:14  Zealot x5  
  34  8:43  Stalker  
  34  8:44  Stalker  
  34  8:47  Probe  
  39  8:59  Probe  
  36  9:40  Stalker  
  38  9:51  Stalker x2  
  38  9:52  Stalker  
  41  10:49  Nexus  
  41  10:55  Stalker x2  
  41  10:57  Stalker  
  47  11:14  Pylon  
  47  11:38  Stalker x2  
  51  11:53  Stalker  
  53  12:08  Stalker  
  55  12:27  Probe  
  56  12:37  Probe, Stargate  
  56  12:40  Stalker  
  59  12:48  Probe, Disruptor (Chrono Boost)  
  63  12:58  Probe  
  63  13:00  Zealot x2  
  68  13:09  Probe  
  69  13:27  Pylon  
  69  13:44  Oracle (Chrono Boost)  
  72  13:58  Stalker x2  
  72  13:59  Stalker  
  78  14:14  Pylon  
  78  14:17  Pylon  
  78  14:18  Pylon  
  78  14:31  Probe  
  79  14:47  Pylon  
  79  14:49  Pylon  
  79  14:51  Pylon  
  79  14:54  Pylon  
  79  15:16  Stalker x2  
  79  15:17  Stalker x2  
  87  16:05  Nexus  
  87  16:14  Observer  
Tags
 
Add a new tag
Caveats
  • Supply blocks, unpowered buildings, or Contaminate may cause inaccurate times.
  • Supply counts are checked every 10 seconds.